Map: Sandstorm CE

Players

Wlodziu

  • Race: Zerg Zerg
  • Spawn Location: 11:00

Iceberg

  • Race: Protoss Protoss
  • Spawn Location: 11:00

Leon

  • Race: Zerg Zerg
  • League: Gold
  • Spawn Location: 11:00

Entropy

  • Race: Terran Terran
  • Spawn Location: 5:00

Pedda

  • Race: Zerg Zerg
  • Spawn Location: 3:00

TomMulder

  • Race: Protoss Protoss
  • League: Gold
  • Spawn Location: 5:00

VOD

Have the link to the VOD?

Description

Time

  • Played on: March 21, 2026, 3:34 p.m.
  • Length: 6:26
Show
View Real Time Build Order
Export as new Build Order

Wlodziu Zerg 

Build Orders: Hatch First 

Get SALT Encoding   

  12  0:02  Drone  
  13  0:12  Drone  
  14  0:15  Extractor  
  14  0:16  Drone  
  15  0:22  Overlord  
  15  0:41  Drone x2  
  17  0:57  Drone  
  17  0:58  Hatchery  
  17  1:00  Extractor  
  17  1:02  Drone  
  17  1:17  Spawning Pool  
  16  1:20  Drone  
  16  1:24  Drone  
  18  1:29  Drone  
  19  1:49  Overlord  
  19  2:03  Drone  
  19  2:04  Queen  
  22  2:10  Queen  
  22  2:11  Zergling x4  
  26  2:21  Drone  
  27  2:24  Drone x2  
  27  2:29  Metabolic Boost  
  29  2:43  Queen  
  31  2:51  Extractor, Roach Warren  
  29  2:59  Drone  
  29  3:00  Drone x2  
  29  3:04  Overlord  
  32  3:15  Drone x3  
  32  3:18  Overlord  
  35  3:36  Roach x2  
  35  3:37  Roach  
  35  3:38  Drone  
  35  3:39  Drone x2  
  44  3:50  Overlord  
  44  3:54  Lair  
  44  3:59  Drone  
  44  4:00  Drone x2  
  44  4:01  Drone  
  48  4:07  Extractor  
  48  4:09  Extractor  
  46  4:19  Hatchery  
  45  4:25  Evolution Chamber, Drone x2  
  45  4:26  Evolution Chamber  
  33  4:41  Spore Crawler  
  24  4:56  Roach  
  24  4:57  Roach x4  
  22  5:39  Roach x6  
  34  5:53  Drone x2  
  36  6:11  Overseer  
Show
View Real Time Build Order
Export as new Build Order

Iceberg Protoss 

Build Orders:  

Get SALT Encoding   

  12  0:00  Probe  
  13  0:12  Probe  
  14  0:18  Pylon  
  14  0:24  Probe  
  15  0:33  Probe  
  15  0:41  Probe  
  17  0:51  Probe  
  18  1:03  Probe  
  19  1:08  Nexus  
  19  1:15  Probe  
  20  1:27  Probe, Pylon  
  21  1:39  Probe  
  22  1:51  Probe  
  23  1:58  Nexus  
  23  2:03  Probe  
  24  2:11  Gateway  
  24  2:15  Assimilator, Probe  
  24  2:18  Assimilator  
  24  2:22  Probe  
  25  2:28  Probe  
  27  2:30  Probe  
  28  2:38  Probe  
  28  2:40  Probe  
  30  2:51  Assimilator, Probe  
  30  2:52  Probe  
  30  2:53  Assimilator  
  32  3:01  Cybernetics Core  
  32  3:02  Probe  
  32  3:04  Probe, Assimilator  
  34  3:06  Assimilator  
  34  3:11  Probe  
  35  3:15  Probe  
  35  3:18  Probe  
  37  3:23  Probe  
  37  3:27  Probe  
  39  3:30  Probe  
  40  3:35  Probe  
  40  3:38  Stargate  
  40  3:40  Stargate  
  41  3:45  Probe  
  42  3:57  Protoss Air Weapons Level 1  
  42  4:04  Probe  
  42  4:05  Probe x2  
  45  4:15  Pylon  
  45  4:16  Probe  
  47  4:17  Probe x2  
  47  4:18  Void Ray  
  47  4:19  Void Ray  
  56  4:32  Fleet Beacon  
  56  4:42  Forge  
  56  4:45  Probe x2  
  57  4:46  Probe  
  59  4:52  Cybernetics Core  
  59  4:57  Probe x2  
  59  4:58  Probe  
  66  5:14  Void Ray  
  66  5:20  Flux Vanes  
  66  5:25  Stargate  
  66  5:27  Stargate  
  66  6:03  Pylon x2  
  66  6:04  Pylon  
  66  6:08  Pylon  
Show
View Real Time Build Order
Export as new Build Order

Leon Zerg 

Build Orders: Hatch First 

Get SALT Encoding   

  12  0:02  Drone  
  13  0:12  Overlord  
  13  0:17  Drone  
  14  0:30  Drone x2  
  14  0:34  Drone  
  17  0:54  Hatchery  
  16  1:03  Drone  
  17  1:05  Drone  
  17  1:06  Extractor  
  17  1:13  Spawning Pool  
  17  1:17  Drone  
  17  1:20  Drone  
  18  1:38  Drone  
  19  2:00  Drone  
  20  2:07  Queen x2  
  20  2:08  Zergling x4  
  26  2:12  Overlord  
  26  2:17  Extractor  
  26  2:22  Drone x3  
  28  2:30  Zergling x2  
  29  2:44  Spore Crawler  
  28  2:47  Lair  
  28  2:51  Drone x3  
  31  2:52  Drone  
  31  2:54  Spore Crawler  
  31  3:11  Overlord  
  31  3:13  Overlord  
  31  3:31  Drone  
  31  3:32  Drone x3  
  35  3:35  Hatchery  
  34  3:55  Drone x5  
  35  3:56  Drone x3  
  42  4:03  Baneling Nest  
  41  4:10  Extractor  
  41  4:12  Overlord x2, Extractor  
  39  4:20  Drone  
  39  4:21  Drone x3  
  43  4:31  Overseer  
  43  4:43  Zergling x4  
  43  4:44  Zergling x2  
  46  4:49  Spire  
  43  4:55  Overseer  
  36  5:20  Overseer x2  
Show
View Real Time Build Order
Export as new Build Order

Entropy Terran 

Build Orders:  

Get SALT Encoding   

  12  0:00  SCV  
  13  0:12  SCV  
  14  0:17  Supply Depot  
  14  0:24  SCV  
  15  0:30  Refinery  
  15  0:38  SCV  
  16  0:45  Barracks  
  16  0:51  SCV  
  17  1:01  Refinery  
  17  1:03  SCV  
  18  1:14  Supply Depot  
  18  1:15  SCV  
  19  1:27  SCV  
  19  1:32  Barracks Tech Lab  
  21  1:40  Ghost Academy  
  20  1:48  Orbital Command  
  20  2:05  Barracks  
  20  2:13  Ghost  
  22  2:24  Personal Cloaking  
  22  2:28  SCV  
  23  2:40  SCV  
  23  2:43  Ghost  
  26  2:52  Barracks Tech Lab  
  26  3:01  SCV  
  27  3:12  Ghost  
  27  3:13  Supply Depot  
  29  3:24  Command Center  
  29  3:28  SCV  
  30  3:37  Refinery  
  30  3:40  SCV  
  31  3:43  Refinery  
  31  3:46  Ghost  
  33  3:59  Engineering Bay  
  33  4:00  SCV  
  34  4:12  SCV  
  34  4:16  Factory  
  36  4:24  SCV  
  36  4:55  Ghost  
  36  4:56  Ghost  
  40  5:24  Ghost x2  
  44  5:40  Starport  
  44  5:46  Orbital Command  
  44  5:52  Ghost  
  46  6:03  Engineering Bay  
  46  6:05  Armory  
  46  6:17  Command Center  
Show
View Real Time Build Order
Export as new Build Order

Pedda Zerg 

Build Orders: Hatch First 

Get SALT Encoding   

  12  0:00  Drone  
  13  0:08  Drone  
  14  0:21  Overlord  
  14  0:39  Drone x2  
  14  0:40  Drone  
  17  0:54  Drone  
  18  0:58  Extractor  
  18  1:00  Hatchery  
  18  1:02  Drone  
  17  1:17  Spawning Pool, Drone  
  17  1:26  Drone  
  18  1:34  Drone  
  19  2:03  Metabolic Boost  
  19  2:04  Queen  
  19  2:05  Zergling x2  
  19  2:08  Overlord  
  22  2:16  Queen  
  22  2:20  Drone x3  
  27  2:26  Zergling x2  
  28  2:37  Drone  
  28  2:38  Drone  
  28  2:40  Drone  
  31  2:50  Drone x2  
  33  2:58  Queen  
  33  3:00  Zergling x2  
  36  3:06  Overlord  
  36  3:19  Overlord  
  36  3:20  Overlord  
  36  3:26  Baneling Nest, Lair  
  35  3:29  Extractor, Drone x2  
  35  3:31  Drone x2  
  35  3:34  Drone  
  39  3:42  Evolution Chamber  
  38  3:48  Zergling x4  
  38  3:49  Zergling x2  
  38  3:50  Zergling x2  
  42  3:56  Zergling x2  
  42  3:57  Zergling x4  
  45  4:05  Zergling x4  
  45  4:09  Baneling x2  
  47  4:13  Zergling x4  
  47  4:14  Zergling x4  
  47  4:15  Zergling x2  
  51  4:38  Zergling x4  
  51  4:39  Zergling x6  
  56  4:52  Zergling x6  
  59  5:21  Zergling x4  
Show
View Real Time Build Order
Export as new Build Order

TomMulder Protoss 

Build Orders: Blink Stalkers 

Get SALT Encoding   

  12  0:00  Probe  
  13  0:13  Probe  
  14  0:21  Pylon  
  14  0:29  Probe  
  15  0:37  Probe  
  15  0:42  Gateway  
  16  0:45  Probe  
  17  0:51  Assimilator  
  17  0:57  Probe  
  18  1:09  Probe  
  19  1:21  Probe  
  20  1:33  Probe  
  21  1:45  Probe  
  22  1:58  Probe  
  23  2:04  Cybernetics Core  
  23  2:06  Pylon  
  23  2:12  Assimilator  
  23  2:23  Warp Gate  
  23  2:24  Probe  
  23  2:29  Nexus, Stalker  
  26  2:52  Twilight Council  
  26  2:54  Gateway x2  
  26  2:55  Stalker  
  28  3:07  Probe  
  29  3:19  Probe  
  30  3:24  Pylon  
  30  3:25  Blink  
  30  3:31  Probe  
  30  3:33  Pylon  
  31  3:37  Stalker  
  33  3:42  Stalker  
  33  3:46  Stalker  
  37  4:04  Probe x2  
  37  4:08  Assimilator  
  39  4:16  Probe x2  
  41  4:24  Robotics Facility  
  41  4:56  Stalker  
  41  4:57  Stalker  
  41  4:58  Stalker  
  47  5:23  Stalker x3  
  47  5:25  Immortal  
  57  5:56  Stalker x2  
  61  6:03  Pylon  
  61  6:04  Probe  
  62  6:05  Pylon  
  62  6:07  Pylon  
  62  6:08  Assimilator  
Tags
 
Add a new tag
Caveats
  • Supply blocks, unpowered buildings, or Contaminate may cause inaccurate times.
  • Supply counts are checked every 10 seconds.